 Dungeon Crawl Stone Soup version 0.20-a0-303-g575bbf7 (webtiles) character file.

374062 Gorice the Warrior (level 23, -2/170 HPs)
             Began as a Kobold Arcane Marksman on Dec 10, 2016.
             Was the Champion of Okawaru.
             Killed from afar by a deep elf mage (33 damage)
             ... with a bolt of lightning
             ... on level 2 of the Elven Halls on Dec 16, 2016.
             The game lasted 07:16:10 (52943 turns).

Gorice the Warrior (Kobold Arcane Marksman)        Turns: 52943, Time: 07:16:12

Health: -2/170     AC: 21    Str: 17    XL:     23   Next: 80%
Magic:  24/35      EV: 33    Int: 20    God:    Okawaru [******]
Gold:   2450       SH:  0    Dex: 21    Spells: 6/38 levels left

rFire  . . .     SeeInvis +     p - +7 arbalest of Classification {penet, rN+ Dex+6}
rCold  . . .     Gourm    .     e - +2 acid dragon scales
rNeg   + . .     Faith    .     (shield currently unavailable)
rPois  .         Spirit   .     u - +0 helmet
rElec  .         Reflect  .     L - +0 cloak {MR+}
rCorr  +         Harm     .     c - +0 pair of gloves {archery}
MR     +++..                    y - +2 pair of boots {run}
Stlth  +++.......               G - amulet of regeneration
                                V - +5 ring of intelligence
                                q - ring of protection from magic

@: about to teleport, heroism, drained, quick
A: see invisible, carnivore 3, robust 1
}: 2/15 runes: barnacled, gossamer
a: Heroism, Finesse, Renounce Religion


You were on level 2 of the Elven Halls.
You worshipped Okawaru.
Okawaru was exalted by your worship.
You were very full.

You visited 8 branches of the dungeon, and saw 38 of its levels.
You visited the Abyss 1 time.
You also visited: Labyrinth, Ice Cave and Volcano.

You collected 4081 gold pieces.
You spent 1631 gold pieces at shops.

Inventory:

Hand Weapons
 a - the +9 double sword of the Equinox {pain, +Fly}
   (You found it on level 4 of the Shoals)

   In the hands of one skilled in necromantic magic, it inflicts extra damage on
   living creatures.
   It lets you fly.
 b - a +9 arbalest of freezing
   (Okawaru gifted it to you on level 4 of the Lair of Beasts)
 p - the +7 arbalest of Classification (weapon) {penet, rN+ Dex+6}
   (Okawaru gifted it to you on level 2 of the Orcish Mines)

   Ammo fired by it will pass through the targets it hits, potentially hitting
   all targets in its path until it reaches maximum range.
   It affects your dexterity (+6).
   It protects you from negative energy.
Missiles
 d - 1162 bolts (quivered)
 Y - 4 throwing nets
Armour
 c - a +0 pair of gloves of archery (worn)
   (You acquired it on level 1 of the Lair of Beasts)
 e - +2 acid dragon scales (worn)
 u - a +0 helmet (worn)
 v - a +2 cloak of poison resistance
   (You took it off Nikola on level 1 of the Elven Halls)
 x - a +0 pair of boots of stealth
   (You bought it in a shop on level 2 of the Orcish Mines)
 y - a +2 pair of boots of running (worn)
   (Okawaru gifted it to you on level 2 of the Elven Halls)
 L - a +0 cloak of magic resistance (worn)
   (Okawaru gifted it to you on level 12 of the Dungeon)
Magical Staves
 W - an uncursed staff of power
Jewellery
 q - a ring of protection from magic (left hand)
 w - an uncursed ring of flight
 C - an uncursed ring of protection from cold
 F - an uncursed ring of fire
 G - an amulet of regeneration (around neck)
 P - an uncursed ring of poison resistance
 V - a +5 ring of intelligence (right hand)
 Z - an uncursed ring of positive energy
Wands
 l - a wand of paralysis (17/24)
 o - a wand of iceblast (4/15)
 z - a wand of digging (11/24)
 E - a wand of disintegration (17/24)
Scrolls
 g - 7 scrolls of blinking
 r - 2 scrolls of silence {!r}
 B - a scroll of enchant weapon
 D - a scroll of acquirement {!r}
 H - 7 scrolls of teleportation {!r}
 J - 7 scrolls of fog
 M - 2 scrolls of fear {!r}
 N - 11 scrolls of identify
 R - 4 scrolls of magic mapping {!r}
 S - 10 scrolls of remove curse
 U - a scroll of summoning {!r}
Potions
 i - 5 potions of might {!q}
 j - 4 potions of agility {!q}
 k - 2 potions of heal wounds {!q}
 m - a potion of resistance {!q}
 n - 3 potions of curing
 t - a potion of haste {!q}
 Q - 2 potions of cancellation {!q}
 T - 2 potions of invisibility {!q}
Miscellaneous
 K - 3 sacks of spiders
 O - a fan of gales
Comestibles
 f - 17 meat rations {!e}
 h - 13 beef jerkies
 A - a slice of pizza


   Skills:
 + Level 19.5(24.2) Fighting
   Level 3.5(15.1) Short Blades
 - Level 10.0(14.8) Long Blades
 - Level 18.0(22.7) Crossbows
 + Level 12.3(17.0) Armour
 - Level 16.0(20.7) Dodging
 - Level 8.2(8.0) Spellcasting
 + Level 12.0(11.8) Hexes
 - Level 5.3(5.1) Charms
 - Level 8.4(8.2) Summonings
 - Level 8.0(7.7) Translocations
 - Level 8.1(7.8) Air Magic
 - Level 8.0(7.8) Invocations
 - Level 10.0(9.7) Evocations


You had 6 spell levels left.
You knew the following spells:

 Your Spells              Type           Power        Failure   Level  Hunger
a - Corona                Hex            ######.      1%          1    None
b - Slow                  Hex            ######..     1%          2    None
c - Confuse               Hex            ######..     1%          3    None
d - Summon Lightning Spi  Summ/Air       #####...     3%          4    ###....
f - Cause Fear            Hex            ######....   1%          4    ###....
i - Invisibility          Hex            ######..     14%         6    ######.
p - Portal Projectile     Tloc           #####.       1%          3    None
s - Silence               Hex/Air        #####.....   6%          5    #####..
J - Blink                 Tloc           N/A          1%          2    None
M - Repel Missiles        Chrm/Air       ####..       1%          2    None


Dungeon Overview and Level Annotations

Branches:
Dungeon (15/15)            Temple (1/1) D:6            Lair (6/6) D:9
 Shoals (4/4) Lair:4       Spider (4/4) Lair:3        Slime (0/5) Lair:5
    Orc (2/2) D:12            Elf (2/3) Orc:2        Vaults (4/5) D:14
  Crypt (0/3) Vaults:3     Depths (0/5) D:15

Altars:
Ashenzari
Cheibriados
Dithmenos
Elyvilon
Fedhas
Gozag
Hepliaklqana
Kikubaaqudgha
Makhleb
Nemelex Xobeh
Okawaru
Qazlal
Ru
Sif Muna
Trog
Uskayaw
Vehumet
Xom
Yredelemnul
Zin
The Shining One
Beogh

Shops:
D:4 [}}*   D:14 *   Orc:2 [*[(   Vaults:3 *


Innate Abilities, Weirdness & Mutations

You are small and have problems with some larger weapons.
You are carnivorous and can eat meat at any time.
You have supernaturally acute eyesight. (SInv)
You are robust. (+10% HP)


Message History

Aim: a deep elf knight, wielding a scimitar, wearing a chain mail and wearing a runed buckler (moderately wounded, fast, slightly transparent)
You shoot a bolt.
The bolt barely misses the battleaxe of pain.
The bolt pierces through the deep elf knight!!
The deep elf knight is heavily wounded.
The mace of holy wrath barely misses you.
Unknown command.
Casting: Cause Fear
Confirm with . or Enter, or press ? or * to list all spells.
The battleaxe of pain is unaffected.
The deep elf knight looks frightened!
The deep elf mage looks frightened!
The mace of holy wrath is unaffected.
The vampiric hand axe is unaffected.
The battleaxe of pain hits you!
* * * LOW HITPOINT WARNING * * *
The mace of holy wrath closely misses you.
The deep elf mage mumbles some strange words.
The deep elf mage blinks!
Damage: 8 (max 31) Unknown command.
Unknown command.
Unknown command.
Casting: Cause Fear
Confirm with . or Enter, or press ? or * to list all spells.
Okay, then.
Unknown command.
Unknown command.
Really read
H - 8 scrolls of teleportation {!r}?
As you read the scroll of teleportation {!r}, it crumbles to dust.
You feel strangely unstable.
The battleaxe of pain closely misses you.
The mace of holy wrath hits you.
* * * LOW HITPOINT WARNING * * *
Damage: 2 (max 31) Unknown command.
Unknown command.
Unknown command.
Unknown command.
Casting: Cause Fear
Confirm with . or Enter, or press ? or * to list all spells.
You blink.
The battleaxe of pain hits you.
* * * LOW HITPOINT WARNING * * *
The deep elf knight completely misses you.
The mace of holy wrath hits you but does no damage.
A deep elf mage comes into view. It is wielding an enchanted long sword.
Casting: Blink
Confirm with . or Enter, or press ? or * to list all spells.
You blink.
A deep elf mage comes into view. It is wielding a short sword.
The deep elf mage gestures at you while chanting.
The bolt of lightning hits you!
You die...

..........## ..
....e....##
.......##...##
.....## ##§(.##
# ....# ##.(.#
# ....(##
##(e§.# ###
......(##.....#
#..
..e....))....##
#..
....(..@...e.#
#..
...........###
###
############ #
#


You could see 2 deep elf knights, a deep elf mage and 3 dancing weapons.

Vanquished Creatures
  Mara (Spider:4)
  Xtahua (Vaults:4)
  Nikola (Elf:1)
  Jorgrun (Spider:4)
  Rupert (D:13)
  A lich (Vaults:2)
  A sphinx (Vaults:2)
  Agnes (Spider:4)
  Frances (D:13)
  An ancient champion (Vaults:3)
  Ilsuiw (Shoals:4)
  A fire giant (Vaults:4)
  A deep elf sorcerer (Elf:2)
  10 vault wardens
  2 frost giants
  An orc warlord (Orc:2)
  10 emperor scorpions
  4 ghost moths
  A ghoul (Vaults:3)
  12 ironheart preservers
  A deep elf elementalist (Elf:1)
  2 war gargoyles (Vaults:2)
  3 very ugly things (Vaults:3)
  6 stone giants
  2 deep elf demonologists (Vaults:4)
  Nessos (Lair:5)
  6 entropy weavers
  An ettin (D:15)
  2 spark wasps
  2 deep elf death magi
  3 merfolk javelineers (Shoals:4)
  3 fire dragons
  An eidolon (Vaults:3)
  A minotaur (Lab)
  10 yaktaur captains
  13 merfolk impalers
  13 ogre magi
  A deep elf high priest (Elf:2)
  A rakshasa (Vaults:1)
  2 great orbs of eyes
  An ice dragon (Vaults:3)
  9 hydras
  Fannar (Lair:1)
  11 vault guards
  6 merfolk avatars
  4 catoblepae
  3 alligator snapping turtles (Shoals:2)
  8 centaur warriors
  2 death knights
  7 merfolk aquamancers
  4 satyrs
  17 dancing weapons
  13 death yaks
  A deep troll shaman (Vaults:2)
  A hell hog (Volcano)
  Urug (Lair:2)
  2 deep troll earth magi (Vaults:2)
  2 orc high priests
  10 deep elf knights
  A shadow wraith (Vaults:2)
  Sonja (D:12)
  A fire crab (Volcano)
  2 fire crabs (shapeshifter)
  2 skeletal warriors
  3 unseen horrors
  13 deep trolls
  9 sea snakes
  5 wizards
  4 phantasmal warriors
  A lindwurm (Lair:6)
  12 orc knights
  14 removed MONS_HILL_GIANTs
  13 deep elf archers
  A necromancer (Vaults:4)
  20 orb spiders
  13 ironbrand convokers
  12 harpies
  43 deep elf magi
  3 orc sorcerers
  14 cyclopes
  21 manticores
  12 fauns
  A moth of wrath (shapeshifter) (Vaults:1)
  4 oklob plants (Lair:5)
  38 wolf spiders
  4 moths of wrath
  6 elephants (Lair:6)
  17 ugly things
  2 guardian serpents (shapeshifter)
  2 ice statues (IceCv)
  A torpor snail (Spider:2)
  13 merfolk sirens
  5 black mambas
  3 gargoyles
  5 water nymphs
  A molten gargoyle (Volcano)
  11 vault sentinels
  15 spiny frogs
  2 spiny frogs (shapeshifter) (Vaults:1)
  5 rime drakes
  10 komodo dragons
  10 ice devils (IceCv)
  A kobold demonologist (D:10)
  7 freezing wraiths
  11 demonic crawlers
  35 yaktaurs
  3 tengu conjurers (D:15)
  34 jumping spiders
  A jumping spider (shapeshifter) (Elf:2)
  13 trolls
  A meliai (shapeshifter) (Vaults:3)
  A troll (shapeshifter) (Vaults:1)
  11 hornets
  2 wind drakes (Shoals:4)
  A hornet (shapeshifter) (Vaults:2)
  36 two-headed ogres
  2 polar bears
  A blink frog (shapeshifter) (Vaults:1)
  Grinder (D:5)
  22 blink frogs
  7 hippogriffs
  11 slime creatures
  Prince Ribbit (D:5)
  24 merfolk
  A raiju (shapeshifter) (Vaults:1)
  8 dream sheep
  11 snapping turtles
  An ettin zombie (Vaults:4)
  Sigmund (D:6)
  90 redbacks
  A yak (shapeshifter) (Vaults:1)
  36 tarantellas
  14 water elementals
  4 wraiths
  2 air elementals (Elf:1)
  5 wyverns
  13 fire bats (Volcano)
  77 yaks
  5 large abominations (Elf:2)
  7 vampire mosquitoes
  7 basilisks
  A hungry ghost (D:9)
  7 small abominations (Elf:2)
  Eustachio (D:6)
  3 steam dragons (Volcano)
  A yaktaur simulacrum (Vaults:4)
  Menkaure (D:5)
  4 wargs
  2 acid dragons
  A soldier ant (shapeshifter) (Vaults:3)
  6 porcupines
  24 water moccasins
  5 ice beasts
  38 orc warriors
  6 necrophages
  50 ogres
  5 sky beasts
  An eye of draining (D:14)
  2 phantoms
  16 centaurs
  9 boggarts
  16 crocodiles
  15 wolves
  A big kobold (D:10)
  Blork the orc (D:6)
  21 bullfrogs
  A glowing shapeshifter simulacrum (Vaults:2)
  A wyvern zombie (D:12)
  An earth elemental (Elf:1)
  2 wyvern skeletons
  4 scorpions
  2 human simulacra
  22 killer bees
  8 howler monkeys
  12 wights
  3 electric eels
  4 centaur zombies
  7 lava snakes (Volcano)
  9 crimson imps
  2 bullfrog zombies (D:6)
  3 hounds
  A quasit (D:12)
  21 orc priests
  A jelly (D:15)
  2 centaur skeletons
  3 iguanas (D:8)
  5 bullfrog skeletons
  Natasha (D:2)
  20 orc wizards
  9 worker ants
  A hound zombie (D:8)
  A worker ant zombie (D:9)
  A howler monkey zombie (D:7)
  9 adders
  A howler monkey skeleton (D:4)
  5 shadow imps
  9 white imps (IceCv)
  6 ufetubi (IceCv)
  4 oozes
  An adder zombie (D:5)
  A worm (D:3)
  6 dart slugs
  5 leopard geckos
  105 orcs
  4 giant cockroaches
  15 goblins
  7 hobgoblins
  9 jackals
  A quokka (D:11)
  3 ball pythons
  11 bats
  3 frilled lizards
  A jackal zombie (D:5)
  9 kobolds
  2 leopard gecko skeletons
  3 rats
  A plant (Shoals:1)
1719 creatures vanquished.

Vanquished Creatures (others)
  A reaper (IceCv)
  Erolcha (Orc:2)
  An acid dragon (Vaults:2)
  An orc priest (Orc:1)
  A white imp (IceCv)
  2 ufetubi (IceCv)
  15 fungi
  10 plants
32 creatures vanquished.

Grand Total: 1751 creatures vanquished

Notes
Turn   | Place    | Note
-------+----------+-------------------------------------------
     0 | D:1      | Gorice the Kobold Arcane Marksman began the quest for the Orb.
     0 | D:1      | Reached XP level 1. HP: 12/12 MP: 2/2
   176 | D:1      | Reached skill level 3 in Crossbows
   176 | D:1      | Reached XP level 2. HP: 14/16 MP: 3/3
   342 | D:1      | Reached XP level 3. HP: 16/20 MP: 1/4
   874 | D:1      | Learned a level 2 spell: Slow
  1503 | D:2      | Reached XP level 4. HP: 25/25 MP: 3/5
  1517 | D:2      | Noticed Natasha
  1535 | D:2      | Killed Natasha
  1535 | D:2      | Reached skill level 4 in Crossbows
  1535 | D:2      | Reached skill level 4 in Hexes
  2036 | D:3      | Reached XP level 5. HP: 29/29 MP: 4/6
  2395 | D:3      | Found an opulent altar of Gozag.
  2722 | D:3      | Noticed a bullfrog
  2738 | D:3      | HP: 4/29 [bullfrog (5)]
  2739 | D:3      | Killed a bullfrog
  2739 | D:3      | Reached skill level 5 in Crossbows
  2739 | D:3      | Reached XP level 6. HP: 5/34 MP: 2/7
  2744 | D:3      | HP: 5/34 [kobold/club (1)]
  3080 | D:3      | Reached skill level 5 in Hexes
  3328 | D:4      | Found Tittiad's Antique Armour Shoppe.
  3466 | D:4      | Got a slimy leather armour
  3477 | D:4      | Identified the cursed +0 leather armour of Creativity {+Inv rN+ Int-5} (You found it on level 4 of the Dungeon)
  3488 | D:4      | Found Zorefa's Gadget Shoppe.
  3494 | D:4      | Found Gooff's Assorted Antiques.
  3591 | D:4      | Found a hazy altar of Hepliaklqana.
  3687 | D:4      | Found Inoig Bugiubb's Gadget Boutique.
  3724 | D:4      | Found a blossoming altar of Fedhas.
  3839 | D:4      | Found a sacrificial altar of Ru.
  3935 | D:5      | Entered Level 5 of the Dungeon
  3949 | D:5      | Noticed Prince Ribbit
  3984 | D:5      | HP: 9/34 [Prince Ribbit (11)]
  3986 | D:5      | Killed Prince Ribbit
  3986 | D:5      | Reached skill level 6 in Crossbows
  3986 | D:5      | Reached skill level 6 in Hexes
  3986 | D:5      | Reached XP level 7. HP: 11/38 MP: 2/8
  4260 | D:5      | Noticed Menkaure
  4582 | D:5      | Reached skill level 7 in Crossbows
  4713 | D:5      | Reached XP level 8. HP: 43/43 MP: 7/9
  5172 | D:5      | Killed Menkaure
  5172 | D:5      | Reached skill level 7 in Hexes
  5251 | D:5      | Found a shadowy altar of Dithmenos.
  5268 | D:5      | Reached skill level 8 in Crossbows
  5367 | D:6      | Found a staircase to the Ecumenical Temple.
  5375 | D:6      | Noticed Eustachio
  5383 | Temple   | Entered the Ecumenical Temple
  5441 | Temple   | Became a worshipper of Warmaster Okawaru
  5468 | D:6      | Killed Eustachio
  5496 | D:6      | HP: 12/43 [centaur/shortbow (3)]
  5736 | D:6      | Noticed Blork the orc
  5845 | D:6      | Killed Blork the orc
  5950 | D:6      | Reached skill level 2 in Fighting
  5950 | D:6      | Reached skill level 9 in Crossbows
  6013 | D:5      | Reached * piety under Okawaru
  6013 | D:5      | Reached XP level 9. HP: 31/48 MP: 5/10
  6024 | D:5      | Learned a level 4 spell: Cause Fear
  6085 | D:5      | Reached skill level 8 in Hexes
  6154 | D:6      | Noticed Sigmund
  6156 | D:6      | Noticed Grinder
  6163 | D:6      | Paralysed by Grinder for 6 turns
  6173 | D:5      | HP: 6/49 [Grinder/nerve-wracking pain (13)]
  6181 | D:5      | Killed Grinder
  6181 | D:5      | Reached skill level 3 in Fighting
  6223 | D:6      | Killed Sigmund
  6265 | D:6      | Found a glowing silver altar of Zin.
  6387 | D:6      | Found a snail-covered altar of Cheibriados.
  6549 | D:7      | Reached skill level 4 in Fighting
  6631 | D:7      | Reached ** piety under Okawaru
  6632 | D:7      | Reached skill level 10 in Crossbows
  6864 | D:7      | Reached skill level 1 in Invocations
  6873 | D:7      | Reached skill level 5 in Fighting
  6958 | D:7      | Reached skill level 9 in Hexes
  6958 | D:7      | Reached skill level 2 in Invocations
  7001 | D:7      | Reached XP level 10. HP: 59/59 MP: 1/11
  7195 | D:7      | Reached skill level 3 in Invocations
  7488 | D:8      | Reached skill level 6 in Fighting
  7867 | D:8      | Reached *** piety under Okawaru
  8217 | D:9      | Noticed a death yak
  8218 | D:9      | Noticed a death yak
  8484 | D:9      | Reached skill level 10 in Hexes
  8492 | D:9      | Reached skill level 7 in Fighting
  8517 | D:9      | Reached skill level 3 in Dodging
  8637 | D:9      | Reached skill level 1 in Armour
  8894 | D:9      | Found a staircase to the Lair.
  8904 | Lair:1   | Entered Level 1 of the Lair of Beasts
  8913 | Lair:1   | Reached skill level 1 in Short Blades
  8917 | Lair:1   | Reached skill level 2 in Short Blades
  8997 | Lair:1   | Noticed a seven-headed hydra
  9025 | D:9      | Noticed a death yak
  9038 | D:8      | Reached skill level 3 in Short Blades
  9238 | D:9      | Reached skill level 1 in Long Blades
  9272 | D:10     | Entered Level 10 of the Dungeon
  9447 | D:10     | Reached **** piety under Okawaru
  9483 | D:10     | Reached skill level 2 in Long Blades
  9745 | D:10     | Noticed a hill giant
  9772 | D:10     | Killed a hill giant
  9772 | D:10     | Reached skill level 3 in Long Blades
  9772 | D:10     | Reached XP level 11. HP: 67/67 MP: 9/13
  9840 | D:10     | Reached skill level 4 in Long Blades
  9852 | D:10     | Noticed a deep elf mage
  9866 | D:10     | Killed a deep elf mage
  9866 | D:10     | Reached ***** piety under Okawaru
  9866 | D:10     | Reached skill level 5 in Long Blades
  9890 | D:10     | Received a gift from Okawaru
 10273 | D:11     | Received a gift from Okawaru
 10320 | D:11     | Reached skill level 6 in Long Blades
 10408 | D:11     | HP: 14/67 [killer bee (8)]
 10413 | D:11     | HP: 12/67 [poisoned by a killer bee]
 10418 | D:11     | HP: 12/67 [poisoned by a killer bee]
 10425 | D:11     | HP: 13/67 [poisoned by a killer bee]
 10433 | D:11     | HP: 16/67 [poisoned by a killer bee]
 10441 | D:11     | HP: 19/67 [poisoned by a killer bee]
 10580 | D:11     | Received a gift from Okawaru
 10594 | D:11     | Reached skill level 4 in Invocations
 10711 | D:11     | Noticed a hill giant
 10778 | D:11     | Killed a hill giant
 10778 | D:11     | Received a gift from Okawaru
 10825 | D:11     | Noticed a hill giant
 10932 | D:11     | Killed a hill giant
 10932 | D:11     | Received a gift from Okawaru
 10932 | D:11     | Reached skill level 7 in Long Blades
 11026 | D:11     | Reached skill level 5 in Invocations
 11056 | D:11     | Noticed a cyclops
 11074 | D:11     | Killed a cyclops
 11074 | D:11     | Received a gift from Okawaru
 11191 | D:11     | Received a gift from Okawaru
 11228 | D:11     | Noticed a green ugly thing
 11249 | D:11     | Killed a green ugly thing
 11255 | D:11     | Reached XP level 12. HP: 52/72 MP: 3/16
 11319 | D:11     | Received a gift from Okawaru
 11319 | D:11     | Reached skill level 8 in Long Blades
 11402 | D:11     | Reached skill level 6 in Invocations
 11728 | D:12     | Noticed Sonja
 11748 | D:12     | Killed Sonja
 11852 | D:12     | Reached skill level 7 in Invocations
 11872 | D:12     | HP: 18/72 [yak (8)]
 12147 | D:12     | Noticed an eight-headed hydra
 12190 | D:11     | Noticed a centaur warrior
 12363 | D:10     | Reached skill level 9 in Long Blades
 12585 | D:12     | Reached skill level 8 in Invocations
 12652 | D:12     | Received a gift from Okawaru
 13201 | D:12     | Found a staircase to the Orcish Mines.
 13247 | D:12     | Learned a level 3 spell: Confuse
 13511 | D:8      | Killed a death yak
 13602 | D:8      | HP: 21/73 [death yak (14)]
 13744 | D:8      | Reached skill level 8 in Fighting
 13794 | D:8      | Killed a death yak
 13794 | D:8      | Received a gift from Okawaru
 13794 | D:8      | Reached skill level 10 in Long Blades
 13884 | D:9      | Reached XP level 13. HP: 59/79 MP: 19/19
 13956 | Lair:1   | Killed a seven-headed hydra
 13956 | Lair:1   | Reached skill level 4 in Dodging
 14058 | Lair:1   | Received a gift from Okawaru
 14058 | Lair:1   | Reached skill level 5 in Dodging
 14066 | Lair:1   | Reached skill level 9 in Fighting
 14315 | Lair:1   | Noticed a four-headed hydra
 14419 | Lair:1   | HP: 18/80 [four-headed hydra (7)]
 14532 | D:9      | Received a gift from Okawaru
 14556 | Lair:1   | Killed a four-headed hydra
 14556 | Lair:1   | Reached skill level 6 in Dodging
 14575 | D:9      | HP: 21/80 [wolf (5)]
 14581 | D:9      | HP: 15/81 [wolf (3)]
 14584 | D:9      | Received a gift from Okawaru
 14708 | Lair:1   | Noticed a catoblepas
 14936 | Orc:1    | Entered Level 1 of the Orcish Mines
 15018 | D:12     | Reached skill level 7 in Dodging
 15082 | Orc:1    | Reached skill level 10 in Fighting
 15171 | Orc:1    | Found a frozen archway.
 15202 | IceCv    | Entered an ice cave
 15256 | IceCv    | HP: 13/82 [ice statue/shard of ice (20)]
 15400 | IceCv    | Killed a reaper
 15469 | IceCv    | HP: 21/83 [ice devil (10)]
 15478 | IceCv    | HP: 23/83 [ice devil (1)]
 15636 | IceCv    | Received a gift from Okawaru
 15636 | IceCv    | Reached skill level 8 in Dodging
 16039 | IceCv    | Got an iridescent mace
 16057 | IceCv    | Identified the +3 mace "Bahif" {vamp, rC+} (You found it in an ice cave)
 16458 | Orc:2    | Entered Level 2 of the Orcish Mines
 16943 | Orc:2    | Reached skill level 11 in Fighting
 16943 | Orc:2    | Reached skill level 9 in Dodging
 17623 | Orc:2    | Noticed an orc warlord
 18027 | Orc:1    | Received a gift from Okawaru
 18160 | Orc:1    | Reached XP level 14. HP: 75/90 MP: 8/20
 18216 | Orc:2    | Found a roughly hewn altar of Beogh.
 18227 | Orc:2    | Received a gift from Okawaru
 18228 | Orc:2    | Got a twisted arbalest {god gift}
 18274 | Orc:1    | Identified the +7 arbalest of Classification {penet, rN+ Dex+6} (Okawaru gifted it to you on level 2 of the Orcish Mines)
 18379 | Orc:1    | Reached skill level 10 in Dodging
 18938 | Orc:2    | Found a staircase to the Elven Halls.
 18955 | Orc:2    | Found Exeogew's Assorted Antiques.
 18984 | Orc:2    | Reached skill level 12 in Fighting
 18987 | Orc:2    | Found Adutzor's Weapon Boutique.
 19016 | Orc:2    | Received a gift from Okawaru
 19040 | Orc:2    | Found Feufo's Antique Armour Boutique.
 19079 | Orc:2    | Found Wyos's Antique Armour Shop.
 19124 | Orc:2    | Noticed Erolcha
 19138 | Orc:2    | Killed Erolcha
 19138 | Orc:2    | Reached skill level 11 in Crossbows
 19139 | Orc:2    | --Thanks for lighning-bolting yourself Erolcha!
 19182 | Orc:2    | Bought a pair of runed boots for 231 gold pieces
 19342 | Orc:2    | Killed an orc warlord
 19342 | Orc:2    | Received a gift from Okawaru
 19342 | Orc:2    | Reached skill level 11 in Dodging
 19628 | D:4      | Bought a scroll of identify for 56 gold pieces
 19628 | D:4      | Bought a scroll of identify for 56 gold pieces
 19632 | D:4      | Gained mutation: You have supernaturally acute eyesight. (SInv) [potion of beneficial mutation]
 19633 | D:4      | Gained mutation: You are robust. (+10% HP) [potion of beneficial mutation]
 20053 | Lair:1   | Received a gift from Okawaru
 20159 | Lair:1   | Noticed Fannar
 20181 | Lair:1   | Killed Fannar
 20787 | Lair:2   | Found a labyrinth entrance.
 20806 | Lab      | Entered a labyrinth
 21063 | Lab      | Received a gift from Okawaru
 21075 | Lab      | Identified the Disquisition on Enchantment
 21203 | Lair:2   | Reached skill level 12 in Crossbows
 21562 | Lair:2   | Noticed Urug
 21573 | Lair:2   | Killed Urug
 22256 | Lair:3   | Received a gift from Okawaru
 22310 | Lair:3   | Reached XP level 15. HP: 106/106 MP: 21/21
 22335 | Lair:3   | Reached skill level 12 in Dodging
 22552 | Lair:3   | Received a gift from Okawaru
 22717 | Lair:3   | Found a hole to the Spider Nest.
 22821 | Lair:3   | Reached skill level 13 in Crossbows
 23202 | Lair:3   | Reached skill level 13 in Fighting
 23434 | Lair:4   | Found a staircase to the Shoals.
 23594 | Lair:4   | Received a gift from Okawaru
 24111 | Lair:1   | Upgraded the game from 0.20-a0-270-g8e735b6 to 0.20-a0-277-g7db01f4
 24185 | Lair:5   | Found a staircase to the Slime Pits.
 24200 | Lair:5   | Noticed Nessos
 24208 | Lair:5   | Killed Nessos
 25018 | Lair:6   | Entered Level 6 of the Lair of Beasts
 25059 | Lair:6   | Reached skill level 14 in Crossbows
 25126 | Lair:6   | Found a dark tunnel.
 25202 | Volcano  | Entered a volcano
 25411 | Volcano  | Found a radiant altar of Vehumet.
 25448 | Volcano  | Reached skill level 13 in Dodging
 25685 | Lair:6   | Received a gift from Okawaru
 25790 | Lair:6   | Received a gift from Okawaru
 25949 | Lair:6   | Received a gift from Okawaru
 26198 | Lair:6   | Reached XP level 16. HP: 115/115 MP: 22/22
 26216 | Lair:6   | Reached skill level 15 in Crossbows
 26524 | Lair:6   | Reached ****** piety under Okawaru
 26711 | Lair:6   | Received a gift from Okawaru
 26824 | Lair:6   | Reached skill level 14 in Fighting
 27057 | Lair:1   | Identified a scroll of acquirement
 27207 | D:4      | Bought shiny acid dragon scales for 1288 gold pieces
 27490 | D:13     | Received a gift from Okawaru
 27494 | D:13     | Cast into level 3 of the Abyss (a distortion unwield)
 27514 | D:13     | Escaped the Abyss
 27553 | D:13     | Got a bloodstained quarterstaff
 27554 | D:13     | Identified the +10 quarterstaff "Vifead" {pain, rC+ Int+3} (You found it on level 13 of the Dungeon)
 27616 | D:13     | Noticed Rupert
 27728 | D:13     | Found a shimmering altar of Xom.
 27812 | D:13     | Noticed Frances
 27824 | D:13     | Killed Frances
 27824 | D:13     | Reached skill level 16 in Crossbows
 27832 | D:13     | Killed Rupert
 27832 | D:13     | Reached skill level 14 in Dodging
 27884 | D:13     | Learned a level 2 spell: Blink
 27887 | D:13     | Learned a level 2 spell: Repel Missiles
 28447 | D:14     | Found a gate to the Vaults.
 28456 | D:14     | Got a polished falchion
 28457 | D:14     | Identified the +4 falchion "Beufroco" {protect, Fragile +Blink rElec Stlth+} (You found it on level 14 of the Dungeon)
 28518 | D:14     | Received a gift from Okawaru
 28648 | D:14     | Found an opulent altar of Gozag.
 28684 | D:14     | Found Gozag's Platinum Reserve.
 29362 | D:15     | Entered Level 15 of the Dungeon
 29555 | D:15     | Reached skill level 17 in Crossbows
 29555 | D:15     | Reached XP level 17. HP: 99/123 MP: 23/23
 29576 | D:15     | Found a staircase to the Depths.
 30351 | D:12     | Received a gift from Okawaru
 30543 | Spider:1 | Entered Level 1 of the Spider Nest
 30687 | Lair:3   | Reached skill level 15 in Fighting
 31138 | Spider:1 | Reached skill level 15 in Dodging
 31418 | Spider:2 | Reached skill level 1 in Air Magic
 31526 | Spider:2 | Reached skill level 18 in Crossbows
 31711 | Spider:2 | Reached skill level 2 in Spellcasting
 31725 | Spider:2 | Reached skill level 1 in Translocations
 31739 | Spider:2 | Reached skill level 2 in Air Magic
 31771 | Spider:2 | Got a heavily runed cloak
 31782 | Spider:2 | Identified the +4 cloak "Seamyen" {Dex+2} (You found it on level 2 of the Spider Nest)
 31835 | Spider:2 | Reached skill level 2 in Translocations
 32135 | Spider:2 | Received a gift from Okawaru
 32136 | Spider:2 | Got a smelly scale mail {god gift}
 32153 | Spider:2 | Identified the +4 scale mail "Acwanelo" {rC+ Int+2 Dex+4} (Okawaru gifted it to you on level 2 of the Spider Nest)
 32481 | Spider:2 | Reached skill level 3 in Spellcasting
 32656 | Spider:2 | Reached skill level 3 in Air Magic
 32706 | Spider:2 | Reached skill level 3 in Translocations
 32984 | Spider:3 | Reached skill level 1 in Charms
 33032 | Spider:3 | Reached skill level 4 in Spellcasting
 33055 | Spider:3 | HP: 36/124 [poisoned by a redback]
 33059 | Spider:3 | HP: 13/124 [entropy weaver (13)]
 33067 | Spider:3 | Reached XP level 18. HP: 10/130 MP: 9/24
 33252 | Spider:3 | Reached skill level 4 in Translocations
 33731 | Spider:4 | Entered Level 4 of the Spider Nest
 33736 | Spider:4 | Reached skill level 2 in Charms
 33753 | Spider:3 | Reached skill level 16 in Dodging
 34103 | Spider:3 | Reached skill level 5 in Translocations
 34222 | Spider:3 | Reached skill level 5 in Spellcasting
 34261 | Spider:3 | Received a gift from Okawaru
 34425 | Spider:4 | Reached skill level 3 in Charms
 34443 | Spider:4 | Noticed Jorgrun
 34453 | Spider:4 | Killed Jorgrun
 34460 | Spider:4 | Noticed Agnes
 34636 | Spider:4 | Reached skill level 6 in Translocations
 34651 | Spider:4 | Reached skill level 6 in Spellcasting
 34651 | Spider:4 | Reached skill level 4 in Air Magic
 34730 | Spider:4 | Killed Agnes
 34871 | Spider:4 | Reached skill level 5 in Air Magic
 34984 | Spider:4 | Learned a level 3 spell: Portal Projectile
 35034 | Spider:4 | Reached skill level 7 in Spellcasting
 35214 | Spider:4 | Reached skill level 4 in Charms
 35447 | Spider:4 | Noticed Mara
 35448 | Spider:4 | Noticed Gorice's illusion
 35491 | Spider:4 | HP: 33/130 [Gorice's illusion[Mara] (8)]
 35692 | Spider:4 | Received a gift from Okawaru
 35792 | Spider:3 | Reached skill level 7 in Translocations
 35792 | Spider:3 | Reached XP level 19. HP: 133/136 MP: 30/30
 35929 | Spider:4 | Received a gift from Okawaru
 35930 | Spider:4 | Got a scorched quarterstaff {god gift}
 35931 | Spider:4 | Identified the +3 quarterstaff of Gorice's Integrity {pain, Str+4} (Okawaru gifted it to you on level 4 of the Spider Nest)
 36006 | Spider:4 | Got a gossamer rune of Zot
 36223 | Spider:4 | Killed Mara
 36223 | Spider:4 | Reached skill level 8 in Spellcasting
 36223 | Spider:4 | Reached skill level 5 in Charms
 36699 | Shoals:1 | Entered Level 1 of the Shoals
 36725 | Shoals:1 | Reached skill level 1 in Evocations
 36858 | Shoals:1 | Reached skill level 2 in Evocations
 36868 | Shoals:1 | HP: 39/136 [something] (8)]
 37193 | Shoals:1 | Reached skill level 8 in Translocations
 37321 | Shoals:1 | Reached skill level 3 in Evocations
 37659 | Shoals:2 | Received a gift from Okawaru
 37664 | Shoals:2 | Reached skill level 4 in Evocations
 37977 | Shoals:2 | Reached skill level 5 in Evocations
 38058 | Shoals:2 | Received a gift from Okawaru
 38312 | Shoals:2 | Reached skill level 6 in Evocations
 38457 | Shoals:2 | HP: 40/136 [merfolk/glaive (4)]
 38462 | Shoals:2 | HP: 39/136 [poisoned by a merfolk impaler]
 38623 | Shoals:2 | Upgraded the game from 0.20-a0-277-g7db01f4 to 0.20-a0-296-gf222164
 38673 | Shoals:3 | Reached skill level 11 in Hexes
 38894 | Shoals:3 | Reached skill level 2 in Armour
 38926 | Shoals:3 | Reached skill level 7 in Evocations
 39271 | Shoals:3 | Got an iridescent falchion
 39272 | Shoals:3 | Identified the +9 falchion of the Ancient Souls {slice, +Fly rElec rF- Str+3} (You found it on level 3 of the Shoals)
 39635 | Shoals:1 | Reached skill level 3 in Armour
 39663 | Shoals:3 | Received a gift from Okawaru
 39732 | Shoals:4 | Entered Level 4 of the Shoals
 39766 | Shoals:4 | Noticed Ilsuiw
 39782 | Shoals:4 | Reached skill level 8 in Evocations
 40329 | Shoals:4 | Killed Ilsuiw
 40362 | Shoals:4 | Reached skill level 4 in Armour
 40362 | Shoals:4 | Reached XP level 20. HP: 123/141 MP: 26/32
 40629 | Shoals:4 | Reached skill level 9 in Evocations
 40806 | Shoals:4 | Received a gift from Okawaru
 41052 | Shoals:4 | Received a gift from Okawaru
 41052 | Shoals:4 | Reached skill level 5 in Armour
 41165 | Shoals:4 | Got a barnacled rune of Zot
 41204 | Shoals:4 | Reached skill level 10 in Evocations
 41204 | Shoals:4 | HP: 40/141 [merfolk/trident of freezing (7)]
 41243 | Shoals:4 | HP: 37/141 [merfolk impaler/trident of venom (13)]
 41248 | Shoals:4 | HP: 30/141 [poisoned by a merfolk impaler]
 41253 | Shoals:4 | HP: 27/141 [poisoned by a merfolk impaler]
 41258 | Shoals:3 | HP: 25/141 [poisoned by a merfolk impaler]
 41264 | Shoals:3 | HP: 25/141 [poisoned by a merfolk impaler]
 41271 | Shoals:3 | HP: 28/141 [poisoned by a merfolk impaler]
 41278 | Shoals:3 | HP: 31/141 [poisoned by a merfolk impaler]
 41286 | Shoals:3 | HP: 35/141 [poisoned by a merfolk impaler]
 41300 | Shoals:3 | HP: 26/141 [merfolk impaler/trident of protection (19)]
 41474 | Shoals:4 | Received a gift from Okawaru
 41620 | Shoals:4 | Got a polished double sword
 41621 | Shoals:4 | Identified the +9 double sword of the Equinox {pain, +Fly} (You found it on level 4 of the Shoals)
 41622 | Shoals:4 | --wow, nice!
 42018 | Shoals:2 | Reached skill level 6 in Armour
 42176 | Lair:1   | Upgraded the game from 0.20-a0-296-gf222164 to 0.20-a0-299-gec7c366
 42964 | Vaults:1 | Entered Level 1 of the Vaults
 43173 | Vaults:1 | Reached skill level 7 in Armour
 43368 | Vaults:1 | Reached skill level 16 in Fighting
 43579 | Vaults:1 | Received a gift from Okawaru
 43944 | Vaults:1 | Reached skill level 8 in Armour
 44057 | Vaults:1 | Reached XP level 21. HP: 95/150 MP: 33/33
 44759 | Vaults:1 | Received a gift from Okawaru
 44927 | Vaults:2 | Reached skill level 17 in Fighting
 44927 | Vaults:2 | Reached skill level 9 in Armour
 45076 | Vaults:2 | Learned a level 4 spell: Summon Lightning Spire
 45083 | Vaults:2 | Received a gift from Okawaru
 45169 | Vaults:2 | Reached skill level 1 in Summonings
 45288 | Vaults:2 | Received a gift from Okawaru
 45290 | Vaults:2 | Reached skill level 2 in Summonings
 45506 | Vaults:2 | Received a gift from Okawaru
 45520 | Vaults:2 | Reached skill level 3 in Summonings
 45770 | Vaults:2 | Reached skill level 4 in Summonings
 45776 | Vaults:2 | Received a gift from Okawaru
 45808 | Vaults:2 | HP: 45/154 [frost giant/battleaxe of freezing (3)]
 46060 | Vaults:2 | Received a gift from Okawaru
 46060 | Vaults:2 | Reached skill level 10 in Armour
 46287 | Vaults:2 | Reached skill level 5 in Summonings
 46792 | Vaults:2 | Reached XP level 22. HP: 99/160 MP: 34/34
 47136 | Vaults:3 | Reached skill level 18 in Fighting
 47140 | Vaults:3 | Reached skill level 6 in Summonings
 47176 | Vaults:3 | Found Vinues Rouh's Assorted Antiques.
 47292 | Vaults:3 | Received a gift from Okawaru
 47418 | Vaults:3 | Got an encrusted plate armour
 47500 | Vaults:2 | Identified the +9 plate armour of the Little Devil {rPois Int+4} (You took it off a death knight on level 3 of the Vaults)
 47825 | Vaults:3 | Reached skill level 6 in Air Magic
 47837 | Vaults:3 | Found a staircase to the Crypt.
 48415 | Vaults:3 | Reached skill level 11 in Armour
 48523 | Vaults:3 | Upgraded the game from 0.20-a0-299-gec7c366 to 0.20-a0-303-g575bbf7
 48652 | Vaults:4 | Found a sparkling altar of Nemelex Xobeh.
 48945 | Vaults:4 | Reached skill level 7 in Summonings
 48990 | Vaults:4 | Reached skill level 7 in Air Magic
 49184 | Vaults:4 | Received a gift from Okawaru
 49454 | Vaults:4 | Received a gift from Okawaru
 49475 | Vaults:4 | Reached XP level 23. HP: 155/168 MP: 35/35
 49538 | Vaults:4 | Reached skill level 8 in Summonings
 49728 | Vaults:4 | Noticed Xtahua
 49744 | Vaults:4 | Killed Xtahua
 50174 | Vaults:4 | Reached skill level 8 in Air Magic
 50622 | Lair:1   | Learned a level 5 spell: Silence
 50629 | Lair:1   | Learned a level 6 spell: Invisibility
 50745 | Elf:1    | Entered Level 1 of the Elven Halls
 50751 | Elf:1    | Reached skill level 19 in Fighting
 50993 | Elf:1    | Noticed Nikola
 51001 | Elf:1    | Killed Nikola
 51796 | Elf:1    | Reached skill level 12 in Armour
 52196 | Elf:2    | Received a gift from Okawaru
 52413 | Elf:2    | Received a gift from Okawaru
 52428 | Elf:2    | Identified a +2 pair of boots of running (Okawaru gifted it to you on level 2 of the Elven Halls)
 52428 | Elf:2    | --Yay!
 52678 | Elf:2    | Reached skill level 12 in Hexes
 52742 | Elf:2    | Found a runed gate.
 52744 | Elf:2    | Found a runed gate.
 52744 | Elf:2    | Found a runed gate.
 52932 | Elf:2    | HP: 45/170 [mace of holy wrath (8)]
 52940 | Elf:2    | HP: 32/170 [battleaxe of pain (8)]
 52943 | Elf:2    | Killed from afar by a deep elf mage

Vault maps used:
D:1:      minmay_arrival_open_corners, hangedman_decor_peaks_small,
          supply_closet_lemuel, kennysheep_decorative_pillar,
          minmay_misc_feat_more_columns
D:2:      minmay_pentomino_p2, uniq_natasha
D:3:      lemuel_crystal_altar, first_bread, wad_floor_pattern_untrapped,
          minmay_goblin_outpost
D:4:      marbit_many_paths, nicolae_overflow_crystal_walls,
          nicolae_ru_awakened_eye, serial_corexii_hall,
          corexii_hall_statues_deadend, corexii_hall_statues_x, serial_shops,
          kennysheep_mini_moat, shop, shop, shop
D:5:      grunt_dithmenos_shadows, uniq_duvessa, uniq_prince_ribbit1,
          uniq_menkaure
D:6:      zin_treasury, moated_statue, minmay_parallelograms,
          kennysheep_slug_shrine, uniq_grinder, uniq_eustachio, uniq_sigmund,
          uniq_blork_the_orc
D:7:      kennysheep_generic_room_10
D:9:      dpeg_lair_monsters
D:10:     hangedman_stone_soup, minmay_misc_feat_doors, nicolae_twisting_strands
D:11:     minivault_25_ag
D:12:     hiddenorc1_lemuel, kennysheep_small_square, uniq_sonja
D:13:     basic_altar, uniq_rupert, uniq_frances
D:14:     erik_vaults_1, nicolae_gozag_zags_fifth_avenue, wad_rectangle_vault
D:15:     hangedman_depths_entry_civil_slaughter, small_statue_alley_a
Temple:   eino_wide_crystal_templ
Lair:1:   lemuel_fruit_fields, uniq_fannar
Lair:2:   statuecave_lemuel, lab_entry_generic, st_stairs_8,
          beast_lair_carwin_4, grunt_megastairs_4, uniq_urug
Lair:3:   spider_nest_entry_web_field, roderic_carrion_pond
Lair:4:   elwin_shoals_entry_rocks
Lair:5:   slime_dummy, minmay_lair_oklob_chamber, uniq_nessos
Lair:6:   evilmike_catoblepas_cave, nicolae_volcano_entry_vermiform,
          kennysheep_basilisk_garden
Shoals:4: shoals_end_simple, shoal_ilsuiw, ldierk_geyser
Spider:2: guppyfry_spider_mini_1
Spider:4: grunt_spider_rune_circles, spider_trap, nicolae_spider_cling_ruins,
          uniq_jorgrun, uniq_agnes, uniq_mara
Orc:1:    portal_ice_cave_rime
Orc:2:    st_orc_open, basic_altar, uniq_erolcha
Elf:1:    elf_arrival_002, hangedman_corner_corridor, uniq_nikola
Elf:2:    abandoned_shop, laboratory
Vaults:1: nicolae_vaults_little_ls, hangedman_vaults_pinch, v_misc_27,
          vaults_room_grunt_arrival_checkpoint, hangedman_vaults_nails, st_star,
          vaults_mumra_minichess, vaults_room_grunt_arrival_ludios,
          ontoclasm_vaults_gateway, v_alt_pattern_1, vaults_room_door_ring
Vaults:2: vaults_dpeg_hooks, v_alt_pattern_6, vaults_mumra_minichess_inversion,
          ontoclasm_vaults_eye, nicolae_vaults_little_squares_1, v_pattern_5,
          grunt_vaults_funnel, nicolae_vaults_branching_niches
Vaults:3: v_misc_16, nicolae_vaults_stairing_the_circle, ontoclasm_vaults_tryst,
          v_alt_pattern_4, minmay_crypt_entry_simple_statues,
          nicolae_vaults_network_square, nicolae_vaults_murderbox,
          vaults_room_octagon, nicolae_vaults_little_squares_2, v_misc_5,
          hangedman_vaults_nails, serial_shops, nicolae_shop_overgrown_old_shop
Vaults:4: ontoclasm_vaults_misaligned, vaults_room_boxed, vaults_mumra_hex,
          hangedman_vaults_locks, hangedman_vaults_stretched_pinwheel,
          grunt_vaults_focal, v_alt_pattern_4, nicolae_vaults_rhombus_6,
          vaults_dpeg_encased_lava, hangedman_vaults_hat, grunt_vaults_bifocal,
          ontoclasm_vaults_shuriken, hangedman_vaults_trim,
          nicolae_vaults_theta, basic_altar, uniq_xtahua
Abyss:3:  abyss_furniture_001, evilmike_abyss_rune_tso_outpost,
          hangedman_abyss_overflow_altar
Lab:      nicolae_lab_dead_adventurers, nicolae_lab_very_dead_end, lab_block,
          nicolae_lab_x
IceCv:    ice_cave_small_demon
Volcano:  volcano_grotto

Skill      XL: |  1  2  3  4  5  6  7  8  9 10 11 12 13 14 15 16 17 18 19 20 21 22 23 |
---------------+----------------------------------------------------------------------+-----
Crossbows      | 3 4 5 6 7 9 10 12 14 17 18 | 18.0
Hexes          | 4 6 7 9 10 11 12 | 12.0
Fighting       | 2 5 7 8 11 12 13 14 15 16 17 18 19 | 19.5
Invocations    | 2 3 5 8 |  8.0
Dodging        | 3 9 11 13 14 15 16 | 16.0
Armour         | 1 4 8 10 11 12 | 12.3
Short Blades   | 3 |  3.5
Long Blades    | 3 7 10 | 10.0
Air Magic      | 3 5 7 8 |  8.1
Spellcasting   | 4 7 8 |  8.2
Translocations | 3 7 8 |  8.0
Charms         | 1 4 5 |  5.3
Evocations     | 8 10 | 10.0
Summonings     | 5 7 8 |  8.4

Action                   |  1- 3 |  4- 6 |  7- 9 | 10-12 | 13-15 | 16-18 | 19-21 | 22-24 || total
-------------------------+-------+-------+-------+-------+-------+-------+-------+-------++-------
Melee: Short sword       |    55 |    90 |    89 |    51 |       |       |       |       ||   285
       Scimitar          |       |       |       |   386 |   368 |     6 |    20 |       ||   780
       Punch             |       |       |       |     2 |     4 |       |       |       ||     6
 Fire: Hand crossbow     |    40 |    92 |   233 |   524 |   316 |       |       |       ||  1205
       Arbalest          |       |       |       |       |   613 |  1099 |  1290 |   759 ||  3761
Throw: Tomahawk          |       |       |       |     2 |       |       |       |       ||     2
       Throwing net      |       |       |       |     1 |       |       |       |       ||     1
 Cast: Corona            |    29 |    45 |    69 |   109 |    13 |       |       |       ||   265
       Slow              |     1 |     8 |    33 |   147 |    10 |       |       |       ||   199
       Confuse           |       |       |       |     7 |   158 |    10 |    28 |     8 ||   211
       Cause Fear        |       |       |       |     2 |     7 |     2 |     9 |     2 ||    22
       Repel Missiles    |       |       |       |       |       |     1 |     9 |     7 ||    17
       Blink             |       |       |       |       |       |     2 |    10 |     5 ||    17
       Portal Projectile |       |       |       |       |       |       |     7 |       ||     7
Invok: Heroism           |       |       |       |    24 |    19 |     6 |    11 |     3 ||    63
       Finesse           |       |       |       |     5 |     1 |     2 |     2 |       ||    10
 Abil: Evoke Flight      |       |       |       |       |       |       |    28 |       ||    28
Evoke: Wand              |       |       |       |       |     1 |       |       |       ||     1
  Use: Scroll            |     2 |     9 |     3 |     5 |    11 |    12 |     6 |     2 ||    50
       Potion            |       |     1 |     2 |     1 |     3 |     6 |     2 |     1 ||    16
 Stab: Sleeping          |     1 |     1 |     1 |       |       |       |       |       ||     3
       Confused          |       |       |       |       |    11 |       |       |       ||    11
  Eat: Chunk             |    11 |    10 |    15 |    40 |    71 |    29 |    41 |    18 ||   235
Armor: Leather armour    |    19 |    44 |    74 |    20 |       |       |       |       ||   157
       Ring mail         |       |       |       |   311 |   216 |     4 |       |       ||   531
       Acid dragon scale |       |       |       |       |       |   198 |   116 |    62 ||   376
Dodge: Dodged            |    86 |   149 |   220 |   555 |   679 |  1120 |   641 |   324 ||  3774
       Deflected         |       |       |       |       |       |       |    37 |    35 ||    72
Block: Buckler           |       |       |       |       |    40 |       |       |       ||    40
       Rpst.: Scimitar   |       |       |       |    77 |    82 |     2 |       |       ||   161

Table legend:
 A = Turns spent in this place as a percentage of turns spent in the entire game.
 B = Non-inter-level travel turns spent in this place as a percentage of non-inter-level travel turns spent in the entire game.
 C = Inter-level travel turns spent in this place as a percentage of turns spent in this place.
 D = Turns resting spent in this place as a percentage of non-inter-level travel turns spent in this place.
 E = Turns spent auto-exploring this place as a percentage of non-inter-level travel turns spent in this place.
 F = Non-inter-level travel turns spent in this place divided by the number of levels of this place that you've seen.
                   A       B       C       D       E      F
               +-------+-------+-------+-------+-------+----------------------
         Total | 100.0 | 100.0 |   0.4 |   1.5 |   2.9 | 610.2
       Dungeon |  30.2 |  30.1 |   0.6 |   2.1 |   4.1 | 514.5
        Temple |   0.2 |   0.2 |   0.0 |   0.0 |  21.8 |  55.0
          Lair |  14.4 |  14.4 |   0.6 |   0.5 |   3.3 | 615.7
        Shoals |  10.8 |  10.8 |   0.3 |   2.8 |   2.4 | 690.2
   Spider Nest |  11.0 |  11.1 |   0.4 |   1.6 |   2.3 | 708.0
  Orcish Mines |   7.3 |   7.3 |   0.4 |   2.2 |   1.3 | 936.5
   Elven Halls |   4.1 |   4.1 |   0.1 |   0.2 |   4.5 | 521.0
        Vaults |  17.1 |  17.2 |   0.2 |   0.6 |   2.2 | 1099.5
         Abyss |   0.1 |   0.1 |   0.0 |   0.0 |   0.0 |  22.0
     Labyrinth |   1.2 |   1.2 |   0.0 |   0.0 |   0.0 | 305.0
      Ice Cave |   2.2 |   2.2 |   0.0 |   3.6 |   0.7 | 576.0
       Volcano |   1.4 |   1.4 |   0.0 |   0.0 |   0.0 | 352.0
               +-------+-------+-------+-------+-------+----------------------

Vault maps used:
D:1:      minmay_arrival_open_corners, hangedman_decor_peaks_small,
          supply_closet_lemuel, kennysheep_decorative_pillar,
          minmay_misc_feat_more_columns
D:2:      minmay_pentomino_p2, uniq_natasha
D:3:      lemuel_crystal_altar, first_bread, wad_floor_pattern_untrapped,
          minmay_goblin_outpost
D:4:      marbit_many_paths, nicolae_overflow_crystal_walls,
          nicolae_ru_awakened_eye, serial_corexii_hall,
          corexii_hall_statues_deadend, corexii_hall_statues_x, serial_shops,
          kennysheep_mini_moat, shop, shop, shop
D:5:      grunt_dithmenos_shadows, uniq_duvessa, uniq_prince_ribbit1,
          uniq_menkaure
D:6:      zin_treasury, moated_statue, minmay_parallelograms,
          kennysheep_slug_shrine, uniq_grinder, uniq_eustachio, uniq_sigmund,
          uniq_blork_the_orc
D:7:      kennysheep_generic_room_10
D:9:      dpeg_lair_monsters
D:10:     hangedman_stone_soup, minmay_misc_feat_doors, nicolae_twisting_strands
D:11:     minivault_25_ag
D:12:     hiddenorc1_lemuel, kennysheep_small_square, uniq_sonja
D:13:     basic_altar, uniq_rupert, uniq_frances
D:14:     erik_vaults_1, nicolae_gozag_zags_fifth_avenue, wad_rectangle_vault
D:15:     hangedman_depths_entry_civil_slaughter, small_statue_alley_a
Temple:   eino_wide_crystal_templ
Lair:1:   lemuel_fruit_fields, uniq_fannar
Lair:2:   statuecave_lemuel, lab_entry_generic, st_stairs_8,
          beast_lair_carwin_4, grunt_megastairs_4, uniq_urug
Lair:3:   spider_nest_entry_web_field, roderic_carrion_pond
Lair:4:   elwin_shoals_entry_rocks
Lair:5:   slime_dummy, minmay_lair_oklob_chamber, uniq_nessos
Lair:6:   evilmike_catoblepas_cave, nicolae_volcano_entry_vermiform,
          kennysheep_basilisk_garden
Shoals:4: shoals_end_simple, shoal_ilsuiw, ldierk_geyser
Spider:2: guppyfry_spider_mini_1
Spider:4: grunt_spider_rune_circles, spider_trap, nicolae_spider_cling_ruins,
          uniq_jorgrun, uniq_agnes, uniq_mara
Orc:1:    portal_ice_cave_rime
Orc:2:    st_orc_open, basic_altar, uniq_erolcha
Elf:1:    elf_arrival_002, hangedman_corner_corridor, uniq_nikola
Elf:2:    abandoned_shop, laboratory
Vaults:1: nicolae_vaults_little_ls, hangedman_vaults_pinch, v_misc_27,
          vaults_room_grunt_arrival_checkpoint, hangedman_vaults_nails, st_star,
          vaults_mumra_minichess, vaults_room_grunt_arrival_ludios,
          ontoclasm_vaults_gateway, v_alt_pattern_1, vaults_room_door_ring
Vaults:2: vaults_dpeg_hooks, v_alt_pattern_6, vaults_mumra_minichess_inversion,
          ontoclasm_vaults_eye, nicolae_vaults_little_squares_1, v_pattern_5,
          grunt_vaults_funnel, nicolae_vaults_branching_niches
Vaults:3: v_misc_16, nicolae_vaults_stairing_the_circle, ontoclasm_vaults_tryst,
          v_alt_pattern_4, minmay_crypt_entry_simple_statues,
          nicolae_vaults_network_square, nicolae_vaults_murderbox,
          vaults_room_octagon, nicolae_vaults_little_squares_2, v_misc_5,
          hangedman_vaults_nails, serial_shops, nicolae_shop_overgrown_old_shop
Vaults:4: ontoclasm_vaults_misaligned, vaults_room_boxed, vaults_mumra_hex,
          hangedman_vaults_locks, hangedman_vaults_stretched_pinwheel,
          grunt_vaults_focal, v_alt_pattern_4, nicolae_vaults_rhombus_6,
          vaults_dpeg_encased_lava, hangedman_vaults_hat, grunt_vaults_bifocal,
          ontoclasm_vaults_shuriken, hangedman_vaults_trim,
          nicolae_vaults_theta, basic_altar, uniq_xtahua
Abyss:3:  abyss_furniture_001, evilmike_abyss_rune_tso_outpost,
          hangedman_abyss_overflow_altar
Lab:      nicolae_lab_dead_adventurers, nicolae_lab_very_dead_end, lab_block,
          nicolae_lab_x
IceCv:    ice_cave_small_demon
Volcano:  volcano_grotto
